 Dungeon Crawl Stone Soup version 0.27.0-1-g7a089689b8 (webtiles) character file.

Game seed: 16783900598758583913

27 horus123 the Chiller (level 2, 0/15 HPs)
             Began as a Deep Elf Ice Elementalist on Aug 13, 2021.
             Slain by a worm (7 damage)
             ... on level 2 of the Dungeon.
             The game lasted 00:01:29 (901 turns).

horus123 the Chiller (Deep Elf Ice Elementalist)     Turns: 901, Time: 00:01:31

Health: 0/15       AC:  2    Str:  5    XL:     2   Next: 93%
Magic:  4/8        EV: 12    Int: 19    God:
Gold:   32         SH:  0    Dex: 15    Spells: 6/7 levels left

rFire    . . .     SeeInvis .   c - staff of poison
rCold    . . .     Faith    .   (no shield)
rNeg     . . .     Spirit   .   a - +0 robe
rPois    +         Reflect  .   (no helmet)
rElec    .         Harm     .   (no cloak)
rCorr    .         Rampage  .   (no gloves)
Will     .....                  (no boots)
Stlth    ++........             (no amulet)
HPRegen  0.05/turn              (no ring)
MPRegen  0.11/turn              (no ring)

@: no status effects
A: no striking features
a: no special abilities


You were on level 2 of the Dungeon.
You visited 1 branch of the dungeon, and saw 2 of its levels.

You collected 32 gold pieces.

Inventory:

Armour
 a - a +0 robe (worn)
Magical Staves
 c - a staff of poison (weapon)
Scrolls
 b - a scroll of identify {unknown}


   Skills:
 + Level 2.4 Dodging
 + Level 2.8 Stealth
 + Level 3.4 Spellcasting
 * Level 5.1 Ice Magic


You had 6 spell levels left.
You knew the following spells:

 Your Spells              Type           Power      Damage    Failure   Level
a - Freeze                Ice            88%        1d10      1%          1

Your spell library contained the following spells:

 Spells                   Type           Power      Damage    Failure   Level
 Frozen Ramparts          Ice            44%        1d6       5%          3
 Ozocubu's Armour         Ice            22%        N/A       5%          3
 Hailstorm                Conj/Ice       12%        3d5       45%         4


Dungeon Overview and Level Annotations

Branches:
Dungeon (2/15)

Altars:


Message History

You now have 32 gold pieces (gained 4).
You see here a ball python corpse.
Found a faded altar of an unknown god.
Done exploring.
Done exploring.
(D) Dungeon
Where to? (? - help)
What level of the Dungeon? (default 1, ? - help)
There is a stone staircase leading down here.
You climb downwards.
There is a stone staircase leading up here.
No target in view!
You open the door.
A worm comes into view.
You can't see any susceptible monsters within range! (Use Z to cast anyway.)
Found 18 stones.
There is an open door here.
Found a stone staircase leading down.
A giant cockroach comes into view.
The worm completely misses you.
You freeze the worm!
The worm is moderately wounded.
You freeze the worm.
The worm is heavily wounded.
The worm bites you!
Ouch! That really hurt!
You are too injured to fight recklessly!
You are too injured to fight recklessly!
Aiming: Freeze (safe; 1% risk of failure)
Press: ? - help, Q - select action Shift-Dir - straight line, f/p - worm
Aim: a worm (moderately wounded)
You freeze the worm.
The worm is heavily wounded.
Aiming: Freeze (safe; 1% risk of failure)
Press: ? - help, Q - select action Shift-Dir - straight line, f/p - worm
Aim: a worm (heavily wounded)
You freeze the worm.
The worm is severely wounded.
The worm bites you!
You die...

...........
...........
.......... ........
###....# #.'....#
#.#....# #.#....#
#########.#..@##
#<......#.#...w......
#######.#.#..........
#.#.#.#..(.....
#.#.#.#........
#.#.#.#........
#.#.#B#.###.... #.#.#
#.# .... #.#.#


You could see a worm.

Vanquished Creatures
  A dart slug (D:1)
  5 bats (D:1)
  2 endoplasms (D:1)
  A giant cockroach (D:1)
  A goblin (D:1)
  A hobgoblin (D:1)
  2 jackals (D:1)
  A kobold (D:1)
  3 quokkas (D:1)
  A ball python (D:1)
  3 rats (D:1)
21 creatures vanquished.

Notes
Turn   | Place    | Note
-------+----------+-------------------------------------------
     0 | D:1      | horus123 the Deep Elf Ice Elementalist began the quest for
                  | the Orb.
     0 | D:1      | Reached XP level 1. HP: 10/10 MP: 6/6
   140 | D:1      | Reached XP level 2. HP: 15/15 MP: 5/8
   435 | D:1      | Reached skill level 5 in Ice Magic
   831 | D:1      | Found a faded altar of an unknown god.
   901 | D:2      | Slain by a worm

Illustrated notes

Levels and vault maps discovered:
D:1:      scummos_arrival_simple_crosswalls, layout_loops_ring,
          hellmonk_ecumenical_altar_leap_of_faith, minivault_26
D:2:      layout_basic, nrook_mini_backslash, due_unseen_surprise

Skill      XL: |  1  2 |
---------------+-------+-----
Ice Magic      | 5 |  5.1
Dodging        | |  2.4
Stealth        | |  2.8
Spellcasting   | |  3.4

Action                   || total
-------------------------++-------
Melee: Unarmed           ||     1
 Cast: Freeze            ||    31
Armor: Robe              ||     3
Dodge: Dodged            ||    16
